 Dungeon Crawl Stone Soup version 0.31.0-11-ge490571c62 (webtiles) character file.

Game seed: 337330602976604414

1291932 Drazool the Metallomancer (level 27, 160/160 HPs)
             Began as a Kobold Earth Elementalist on Jan 25, 2024.
             Was an Elder of Sif Muna.
             Escaped with the Orb
             ... and 3 runes on Jan 26, 2024!
             The game lasted 07:41:50 (137641 turns).

Drazool the Metallomancer (KoEE)                  Turns: 137641, Time: 07:41:50

Health: 160/160    AC: 14    Str:  8    XL:     27
Magic:  23/43      EV: 24    Int: 35    God:    Sif Muna [****..]
Gold:   7168       SH:  0    Dex: 15    Spells: 1/58 levels left

rFire   + . .        a - staff of earth {!a}
rCold   + . .        (shield currently unavailable)
rNeg    + + .        z - +3 steam dragon scales
rPois   +            U - +1 helmet {Int+3}
rElec   +            B - scarf {rC+ rF+}
rCorr   .            W - +0 pair of gloves "Ceirips" {Rampage rElec Will+}
SInv    +            x - +0 pair of boots
Will    ++++.        Y - amulet of Rubywk {rPois rN++ Will+ Regen+ Str-2}
Stlth   +++          I - +6 ring of intelligence
HPRegen 1.26/turn    v - ring of see invisible
MPRegen 0.28/turn

%: rampage
@: no status effects
A: small, no large weapons, nightstalker 3, screaming 1
0: Orb of Zot
}: 3/15 runes: barnacled, silver, gossamer
a: Renounce Religion, Channel Magic, Forget Spell, Divine Exegesis


You escaped.
You worshipped Sif Muna.
Sif Muna was greatly pleased with you.
You visited 11 branches of the dungeon, and saw 51 of its levels.
You visited 1 bazaar.
You also visited: Trove, Gauntlet, Ice Cave and Wizlab.

You collected 10310 gold pieces.
You spent 3142 gold pieces at shops.


Innate Abilities, Weirdness & Mutations

You are small and have problems with some larger weapons.
You are completely attuned to the shadows.
You occasionally shout uncontrollably at your foes.


   Skills:
 - Level 13.0 Fighting
 - Level 6.0 Armour
 - Level 17.0 Dodging
 - Level 14.0 Stealth
 - Level 16.0 Spellcasting
 - Level 20.0 Conjurations
 - Level 8.0 Hexes
 - Level 15.0 Summonings
 - Level 20.2 Translocations
 + Level 23.2 Earth Magic
 - Level 10.0 Alchemy
 - Level 17.0 Invocations
 - Level 6.0 Evocations


You had one spell level left.
You knew the following spells:

 Your Spells              Type           Power      Damage    Failure   Level
a - Passwall              Erth           100%       N/A       0%          3
b - Bombard               Conj/Erth      66%        9d11      1%          6
c - Lehudib's Crystal Sp  Conj/Erth      66%        10d15     1%          8
i - Irradiate             Conj/Alch      46%        3d27      1%          5
l - Lee's Rapid Deconstr  Erth           68%        3d31*     0%          5
s - Spellforged Servitor  Conj/Summ      50%        N/A       1%          7
u - Disjunction           Tloc           53%        N/A       2%          8
w - Stone Arrow           Conj/Erth      100%       3d13      0%          3
z - Sandblast             Erth           100%       2d20      0%          1
B - Blink                 Tloc           100%       N/A       0%          2
Y - Iskenderun's Mystic   Conj/Tloc      100%       2d19      0%          4
Z - Yara's Violent Unrav  Hex/Alch       37%        3d15      1%          5

Your spell library contained the following spells:

 Spells                   Type           Power      Damage    Failure   Level
 Apportation              Tloc           100%       N/A       0%          1
 Magic Dart               Conj           100%       1d8       0%          1
 Sting                    Conj/Alch      100%       1d9       0%          1
 Summon Small Mammal      Summ           100%       N/A       0%          1
 Foxfire                  Conj/Fire      100%       2x1d9     1%          1
 Freeze                   Ice            100%       1d10      1%          1
 Kiss of Death            Conj/Necr      100%       2d13      1%          1
 Necrotise                Necr           100%       1d9       1%          1
 Shock                    Conj/Air       100%       1d9       1%          1
 Call Imp                 Summ           100%       N/A       0%          2
 Lesser Beckoning         Tloc           100%       N/A       0%          2
 Momentum Strike          Conj/Tloc      100%       3d10      0%          2
 Searing Ray              Conj           100%       2d8       0%          2
 Call Canine Familiar     Summ           93%        N/A       0%          3
 Dazzling Flash           Conj/Hex       100%       N/A       0%          3
 Teleport Other           Tloc           100%       N/A       0%          3
 Animate Armour           Summ/Erth      100%       N/A       0%          4
 Brom's Barrelling Bould  Conj/Erth      100%       2d11      0%          4
 Leda's Liquefaction      Alch/Erth      60%        N/A       0%          4
 Manifold Assault         Tloc           100%       N/A       0%          4
 Passage of Golubria      Tloc           100%       N/A       0%          4
 Petrify                  Alch/Erth      100%       N/A       0%          4
 Iskenderun's Battlesphe  Conj           100%       2d15      0%          5
 Cigotuvi's Dreadful Rot  Necr/Alch/Air  100%       N/A       1%          2
 Ensorcelled Hibernation  Hex/Ice        100%       N/A       1%          2
 Jinxbite                 Hex            100%       N/A       1%          2
 Mercury Vapours          Alch/Air       100%       N/A       1%          2
 Scorch                   Fire           56%        2d7       1%          2
 Confusing Touch          Hex            71%        N/A       1%          3
 Hailstorm                Conj/Ice       78%        3d13      1%          3
 Inner Flame              Hex/Fire       54%        N/A       1%          3
 Mephitic Cloud           Conj/Alch/Air  78%        N/A       1%          3
 Sigil of Binding         Hex            71%        N/A       1%          3
 Summon Ice Beast         Ice/Summ       69%        N/A       1%          3
 Volatile Blastmotes      Fire/Tloc      100%       2d18      1%          3
 Dimensional Bullseye     Hex/Tloc       45%        N/A       1%          4
 Flame Wave               Conj/Fire      78%        2d17      1%          4
 Fulminant Prism          Conj/Alch      46%        3d21      1%          4
 Ignite Poison            Fire/Alch      58%        N/A       1%          4
 Martyr's Knell           Necr/Summ      69%        N/A       1%          4
 Olgreb's Toxic Radiance  Alch           78%        N/A       1%          4
 Sticky Flame             Fire/Alch      58%        2d10      1%          4
 Summon Blazeheart Golem  Fire/Summ      69%        N/A       1%          4
 Vhi's Electric Charge    Tloc/Air       100%       N/A       1%          4
 Alistair's Intoxication  Alch           52%        N/A       1%          5
 Arcjolt                  Conj/Air       39%        1d49      1%          5
 Borgnjor's Vile Clutch   Necr/Erth      52%        N/A       1%          5
 Summon Forest            Summ/Tloc      50%        N/A       1%          5
 Summon Mana Viper        Hex/Summ       83%        N/A       1%          5
 Dispersal                Tloc           53%        N/A       1%          6
 Summon Cactus Giant      Summ           46%        N/A       1%          6
 Malign Gateway           Summ/Tloc      50%        N/A       1%          7
 Anguish                  Hex/Necr       27%        N/A       2%          4
 Freezing Cloud           Conj/Ice/Air   32%        6-21      2%          5
 Summon Hydra             Summ           46%        N/A       2%          7
 Conjure Ball Lightning   Conj/Air       39%        3x3d13    3%          6
 Eringya's Noxious Bog    Alch           39%        4d6       3%          6
 Starburst                Conj/Fire      39%        6d11      3%          6
 Frozen Ramparts          Ice            56%        1d9       4%          3
 Fugue of the Fallen      Necr           28%        N/A       4%          3
 Swiftness                Air            28%        N/A       4%          3
 Vampiric Draining        Necr           28%        2d8       4%          3
 Metabolic Englaciation   Hex/Ice        27%        N/A       7%          5
 Silence                  Hex/Air        27%        N/A       7%          5
 Shatter                  Erth           68%        3d50*     10%         9
 Airstrike                Air            14%        2d(2-18)  13%         4
 Animate Dead             Necr           28%        N/A       13%         4
 Dispel Undead            Necr           28%        3d13      13%         4
 Sculpt Simulacrum        Ice/Alch       29%        N/A       26%         6
 Curse of Agony           Necr           28%        N/A       36%         5
 Enfeeble                 Hex            35%        N/A       38%         7
 Death Channel            Necr           14%        N/A       90%         6
 Plasma Beam              Fire/Air       14%        2x1d25    90%         6
 Ignition                 Fire           14%        3d6       100%        8
 Maxwell's Capacitive Co  Air            14%        ∞         100%        8
 Chain Lightning          Conj/Air       39%        3d52      100%        9
 Death's Door             Necr           14%        N/A       100%        9
 Fire Storm               Conj/Fire      39%        8d10      100%        9

Inventory:

Missiles
 o - 5 throwing nets {=f}
Armour
 x - a +0 pair of boots (worn)
 z - +3 steam dragon scales (worn)
 B - a scarf of resistance (worn)
 U - a +1 helmet of intelligence (worn)
 W - the +0 pair of gloves "Ceirips" (worn) {Rampage rElec Will+}
   (You acquired it on level 4 of the Vaults)

   rElec:     It insulates you from electricity.
   Will+:     It increases your willpower.
   Rampage:   It bestows one free step when moving towards enemies.
Magical Staves
 a - a staff of earth (weapon) {!a}
 m - the staff of Narikud {rF+ Fire Air, !a}
   (You found it on level 3 of the Crypt)

   [staff of fire]

   Base accuracy: +5 Base damage: 5 Base attack delay: 1.2 This weapon's minimum
   attack delay (0.6) is reached at skill level 12.
   rF+:       It protects you from fire.
   Fire:      It increases the power of your Fire spells.
   Air:       It increases the power of your Air spells.
   It falls into the 'Staves' category.
   It is a two-handed weapon.
 X - the staff of Indomitability {rPois Int+2 Dex+3 Alchemy, !a}
   (You acquired it on level 13 of the Dungeon)

   [staff of alchemy]

   Base accuracy: +5 Base damage: 5 Base attack delay: 1.2 This weapon's minimum
   attack delay (0.6) is reached at skill level 12.
   Int+2:     It affects your intelligence (+2).
   Dex+3:     It affects your dexterity (+3).
   rPois:     It protects you from poison Alchemy: It increases the power of
   your Alchemy spells.
   It falls into the 'Staves' category.
   It is a two-handed weapon.
Jewellery
 c - a ring of protection from cold
 g - the ring "Myklong" {Ice rN++ Int+3 Dex+2}
   (You took it off Josephina on level 2 of the Realm of Zot)

   [ring of ice]

   Ice:       It enhances your ice magic.
   Int+3:     It affects your intelligence (+3).
   Dex+2:     It affects your dexterity (+2).
   rF-:       It makes you vulnerable to fire.
   rC+:       It protects you from cold.
   rN++:      It greatly protects you from negative energy.
 v - a ring of see invisible (right hand)
 E - a +5 ring of evasion
 I - a +6 ring of intelligence (left hand)
 K - the amulet of the Four Winds {rN+ Will+++ Clar}
   (You found it on level 3 of the Elven Halls)

   [amulet of nothing]

   rN+:       It protects you from negative energy.
   Will+++:   It greatly increases your willpower.
   Clar:      It protects you from confusion, rage, mesmerisation and fear.
 L - the ring of Wathraqy {Fly rC- rN+ Will+ Slay+6}
   (You took it off a necromancer on level 3 of the Crypt)

   [ring of positive energy]

   Slay+6:    It affects your accuracy & damage with ranged weapons and melee
   (+6).
   rC-:       It makes you vulnerable to cold.
   rN+:       It protects you from negative energy.
   Will+:     It increases your willpower.
   Fly:       It grants you flight.
 Y - the amulet of Rubywk (around neck) {rPois rN++ Will+ Regen+ Str-2}
   (You found it in a Gauntlet)

   [amulet of regeneration]

   Str-2:     It affects your strength (-2).
   rPois:     It protects you from poison rN++: It greatly protects you from
   negative energy.
   Will+:     It increases your willpower.
   Regen+:    It increases your rate of health regeneration.
Wands
 e - a wand of quicksilver (6)
 n - a wand of flame (86)
 u - a wand of polymorph (7)
 J - a wand of iceblast (46)
 R - a wand of digging (26)
 T - a wand of paralysis (43)
Scrolls
 d - 6 scrolls of poison
 h - 7 scrolls of immolation
 j - 5 scrolls of silence {!r}
 l - 19 scrolls of teleportation {@r2}
 t - 3 scrolls of brand weapon
 w - 10 scrolls of revelation
 y - 9 scrolls of enchant weapon
 C - 11 scrolls of fog
 O - 7 scrolls of fear
 V - 2 scrolls of vulnerability
Potions
 f - 5 potions of lignification
 i - 10 potions of brilliance
 k - 21 potions of curing {@q1}
 p - 3 potions of haste {@q3}
 r - 8 potions of might
 s - 3 potions of cancellation
 G - 11 potions of enlightenment
 H - 14 potions of ambrosia
 M - 2 potions of resistance
 P - 9 potions of mutation
 Q - 7 potions of heal wounds {@q2}
 S - 5 potions of invisibility
 Z - a potion of magic
Miscellaneous
 q - a phantom mirror
 A - a condenser vane
 F - a box of beasts (inert)
 N - a lightning rod (4/4)

Dungeon Overview and Level Annotations

Branches:
Dungeon (15/15)            Temple (1/1) D:7            Lair (5/5) D:10
 Shoals (4/4) Lair:3       Spider (4/4) Lair:3        Slime (0/5) Lair:5
    Orc (2/2) D:10            Elf (3/3) Orc:2        Vaults (5/5) D:14
  Crypt (3/3) Vaults:3       Tomb (0/3) Crypt:3      Depths (4/4) D:15
    Zot (5/5) Depths:4      IceCv (visited)          WizLab (visited)
Gauntlet (visited)

Altars:
Ashenzari
Cheibriados
Dithmenos
Elyvilon
Fedhas
Gozag
Hepliaklqana
Kikubaaqudgha
Makhleb
Nemelex Xobeh
Okawaru
Qazlal
Ru
Sif Muna
Trog
Uskayaw
Vehumet
Wu Jian
Xom
Yredelemnul
Zin
The Shining One
Jiyva
Lugonu

Shops:
Orc:2 ([*:   Elf:1 (   Vaults:1 =   Vaults:2 [=:!   Depths:2 *   Depths:4 !

Portals:
Hell: Depths:1 Depths:2 Depths:3 Depths:4
Abyss: Lair:5 Depths:2 Depths:3 Depths:4
Pandemonium: Depths:2 Depths:4
Ziggurat: Depths:4

Annotations:
D:9 1 transporter, hawla's ghost, novice DEFE
D:15 Roxanne
Lair:2 4 runed translucent doors, Urug
Lair:4 2 transporters
Lair:5 1 runed translucent door
Shoals:3 exclusion: alligator snapping turtle
Elf:2 5 runed translucent doors
Vaults:4 3 runed translucent doors, Angmar's ghost, veteran DrAE
Crypt:2 1 runed translucent door, Kucw's ghost, adept GrFi
Depths:2 1 runed translucent door
Zot:3 4 transporters

######......... ########
#.....>... ####......####
##........ ##............##
#........
#......####....###........
##....#######....##........
##....##.....##...###......#
#....###..##.###..###..(...#
#....##..##@.###..##.......#
#....##...###+#..###......##
#....###...###...##.......#
##....##.......^###......##
#.....###....####.......#
##.....########........##
##......####.........##
##.................##
###.............######


There were no monsters in sight!


Message History

The iron shot hits the great orb of eyes!!
The great orb of eyes is moderately wounded.
The blast sends you backwards.
You feel a surge of power!
The iron shot hits the great orb of eyes!!!
You kill the great orb of eyes!
Sif Muna accepts your kill.
There is a stone staircase leading up here.
You climb upwards.
There is a stone staircase leading down here.
Casting: Bombard (safe; 1% risk of failure)
Confirm with . or Enter, or press ? or * to list all spells.
Aiming: Passwall (safe; 0% risk of failure)
Press: ? - help, Dir - move target A rock wall.
This square is covered in magical glow.
You feel a surge of power!
You finish merging with the rock.
A hell beast comes into view.
The hell beast moves out of view.
Casting: Passwall (safe; 0% risk of failure)
Confirm with . or Enter, or press ? or * to list all spells.
Aiming: Passwall (safe; 0% risk of failure)
Press: ? - help, Dir - move target A rock wall.
This square is covered in magical glow.
You feel a surge of power!
You finish merging with the rock.
There is a staircase leading out of the dungeon here.
You have escaped!

Skill      XL: |  1  2  3  4  5  6  7  8  9 10 11 12 13 14 15 16 17 18 19 20 21 22 23 24 25 26 27 |
---------------+----------------------------------------------------------------------------------+-----
Earth Magic    | 4 5 6 7 10 12 14 17 19 23 | 23.2
Conjurations   | 2 7 10 12 13 17 18 20 | 20.0
Fighting       | 6 7 9 11 12 13 | 13.0
Stealth        | 9 10 11 12 14 | 14.0
Spellcasting   | 6 7 10 13 14 15 16 | 16.0
Translocations | 3 5 7 10 15 20 | 20.2
Dodging        | 4 8 10 11 13 14 15 17 | 17.0
Evocations     | 3 4 5 6 |  6.0
Invocations    | 3 8 10 12 17 | 17.0
Alchemy        | 4 6 7 8 9 10 | 10.0
Armour         | 4 6 |  6.0
Hexes          | 3 7 8 |  8.0
Summonings     | 6 12 15 | 15.0

Action                     |  1- 3 |  4- 6 |  7- 9 | 10-12 | 13-15 | 16-18 | 19-21 | 22-24 | 25-27 || total
---------------------------+-------+-------+-------+-------+-------+-------+-------+-------+-------++-------
  Melee: Whip              |       |       |       |    11 |    32 |     4 |       |       |       ||    47
         Punch             |       |       |       |     1 |     1 |       |       |       |       ||     2
         Staff             |       |       |       |       |       |    28 |    53 |     6 |    29 ||   116
  Throw: Throwing net      |       |       |       |       |       |     1 |       |       |       ||     1
   Cast: Sandblast         |    29 |    36 |    77 |   196 |    47 |    14 |    68 |    42 |     2 ||   511
         Stone Arrow       |       |       |    44 |   205 |   774 |   412 |   653 |   269 |    36 ||  2393
         Iskenderun's Myst |       |       |     3 |     9 |    33 |    44 |    51 |    38 |     3 ||   181
         Passwall          |       |       |       |     8 |    18 |    11 |     1 |       |     2 ||    40
         Petrify           |       |       |       |       |    10 |    14 |     8 |       |       ||    32
         Brom's Barrelling |       |       |       |       |     1 |     4 |     5 |       |       ||    10
         Irradiate         |       |       |       |       |    10 |     8 |     1 |       |       ||    19
         Olgreb's Toxic Ra |       |       |       |       |       |    45 |    87 |    17 |       ||   149
         Bombard           |       |       |       |       |       |    42 |   190 |   255 |   662 ||  1149
         Yara's Violent Un |       |       |       |       |       |       |    33 |    33 |    46 ||   112
         Lee's Rapid Decon |       |       |       |       |       |       |    12 |    13 |    67 ||    92
         Iskenderun's Batt |       |       |       |       |       |       |     1 |       |       ||     1
         Lehudib's Crystal |       |       |       |       |       |       |       |   261 |   519 ||   780
         Spellforged Servi |       |       |       |       |       |       |       |    19 |    67 ||    86
         Chain Lightning   |       |       |       |       |       |       |       |       |     1 ||     1
         Disjunction       |       |       |       |       |       |       |       |       |    45 ||    45
 Invoke: Channel Magic     |       |       |       |     1 |    11 |    13 |    15 |    22 |    53 ||   115
         Divine Exegesis   |       |       |       |       |       |       |       |       |     1 ||     1
  Evoke: Wand              |       |       |       |     2 |     6 |    16 |    17 |     1 |     9 ||    51
         Lightning rod     |       |       |       |       |       |     1 |     2 |       |       ||     3
         Box of beasts     |       |       |       |       |       |       |       |       |     2 ||     2
    Use: Scroll            |       |     5 |     7 |    10 |    11 |    13 |    14 |    11 |    13 ||    84
         Potion            |       |     1 |       |     2 |       |     4 |     4 |     3 |    21 ||    35
   Stab: Sleeping          |       |       |       |       |       |       |       |     1 |       ||     1
 Armour: Robe              |     3 |     8 |    10 |    11 |       |       |       |       |       ||    32
         Steam dragon scal |       |       |       |    93 |   201 |   141 |   321 |   188 |   450 ||  1394
  Dodge: Dodged            |     4 |    10 |    17 |   203 |   281 |   319 |   682 |   286 |   428 ||  2230

Levels and vault maps discovered:
D:1:      dpeg_arrival_snail, layout_rooms
D:2:      minmay_spotlight, layout_basic, serial_corexii_hall,
          corexii_hall_statues_i, corexii_hall_statues_x, uniq_sigmund,
          uniq_terence, uniq_natasha, uniq_jessica
D:3:      layout_basic, hex_tiny
D:4:      layout_rooms, amcnicky_altar_gilded
D:5:      layout_loops_cross, mainiacjoe_overflow_catch_the_wave,
          elyvilon_altar_5, nzn_random_ring
D:6:      layout_rooms, amethyst_overflow_temple_binary, minmay_manual_moon,
          uniq_maggie
D:7:      layout_loops_ring, minmay_temple_entry_glassed_door,
          chequers_arboretum
D:8:      layout_loops_ring
D:9:      layout_irregular_city, gammafunk_ghost_smash, uniq_jeremiah
D:10:     layout_roguey, hellmonk_lair_entry_icy, uniq_fannar
D:11:     layout_irregular_city, kiku_gazebo_garden_becter, uniq_amaemon
D:12:     layout_roguey, gauntlet_entry_generic, uniq_azrael
D:13:     layout_loops_ring, portal_ice_cave_entry_imps, uniq_nessos,
          uniq_rupert
D:14:     layout_basic, david_vaults_1, special_room [special_room_bee],
          uniq_agnes
D:15:     hellmonk_depths_entry_around_the_bend, layout_rooms, serial_curves,
          eino_curves_01, eino_curves_03, hangedman_abyss_or_decor_lesser_grid,
          minmay_orc_keep, uniq_roxanne
Temple:   nicolae_temple_superstar
Lair:1:   layout_roguey, gammafunk_ghost_ooze
Lair:2:   dreamdust_labyrinth, layout_regular_city, gammafunk_ghost_necromancy,
          guppyfry_lair_drakes, lemuel_fruit_tree, uniq_urug
Lair:3:   layout_regular_city, nicolae_shoals_entry_roost,
          spider_nest_entry_funnel_web, grunt_megastairs_5, serial_bayou_shore_b
Lair:4:   gammafunk_boulding_lane, layout_hall_layers
Lair:5:   hellmonk_lair_end_abyssal_woods, layout_regular_city, slime_entry_2,
          grunt_megastairs_1, serial_bayou_shore_b, infiniplex_staircase_pool,
          serial_bayou_shore_b, serial_bayou_shore_b, lemuel_fruit_fields
Shoals:1: layout_shoals
Shoals:2: layout_shoals
Shoals:3: layout_shoals, uniq_polyphemus
Shoals:4: shoals_end_hangedman, layout_shoals,
          nicolae_shoals_lost_giant_pillars, nicolae_shoals_shepherds
Spider:1: layout_spider_delve, uniq_frances, uniq_aizul
Spider:2: layout_spider_delve, spiders_nest_hornet_nest,
          hangedman_spider_tarantella_strand
Spider:3: layout_spider_delve, nicolae_spider_checkerboard
Spider:4: hellmonk_spider_rune_bug_friends, special_room, uniq_donald
Orc:1:    layout_caves
Orc:2:    st_orc_congregation, layout_diamond_mine
Elf:1:    layout_onion_city, serial_shops, shop, serial_glass, glass_columns_a,
          glass_columns_c, kennysheep_underground_church,
          lemuel_flamethrower_hall
Elf:2:    elven_hall_of_blades_hangedman_alternative
          [nicolae_blade_entry_crossed_weapons], layout_onion_city, uniq_norris,
          uniq_asterion
Elf:3:    minmay_elf_hall_furrowed, layout_geoelf_diagonals,
          ebering_ghost_reflecting_pool, serial_co_window_serial,
          co_window_paths_a, co_window_paths_b, co_window_paths_a,
          co_window_paths_b, co_window_corner_a, co_window_of_opportunity_a,
          co_window_broadway_b, co_window_of_opportunity_b, co_window_paths_c,
          co_window_paths_c, co_window_of_opportunity_c, glass_columns_c,
          glass_columns_a
Vaults:1: v_misc_14, nicolae_vaults_lightning_bolt, hangedman_vaults_cutoff,
          v_rooms_4, hangedman_vaults_stitches, hangedman_vaults_nails,
          nicolae_vaults_tetromino_L_2, vaults_room_grid,
          layout_vaults_big_room, serial_shops, shop
Vaults:2: nicolae_vaults_trapezoid_1, vaults_mumra_chevron_long,
          nicolae_vaults_closet_pinwheel_6, ontoclasm_vaults_gateway,
          vaults_dpeg_cross, nicolae_vaults_trapezoid_lopsided_1, v_misc_14,
          grunt_vaults_funnel, vaults_standard_mumra_enter_the_diamond,
          layout_vaults_quadrants, serial_shops, bzr_entry_customers, shop,
          nicolae_shop_peninsula, nicolae_lakefront_shop,
          nicolae_lakefront_shop, uniq_margery, uniq_sojobo
Vaults:3: biasface_ghost_orc_armoury, v_misc_8, minmay_crypt_entry_necro_gods,
          nicolae_vaults_shock_wave, nicolae_vaults_spaceships,
          nicolae_vaults_hallways_thing, hangedman_vaults_maws,
          vaults_dpeg_spiral, nicolae_vaults_sesquioval_fish, v_rooms_1,
          nicolae_vaults_tetromino_L_1, serial_library_regret_index_small_wings,
          v_misc_18, nicolae_vaults_heart-shaped_vault,
          vaults_room_stairs_pillars, ontoclasm_vaults_hangar,
          layout_vaults_omnibox
Vaults:4: gammafunk_ghost_crypt, nicolae_vaults_three_branches,
          nicolae_vaults_alarming, v_misc_30, nicolae_vaults_heart-shaped_vault,
          vaults_room_octagon, nicolae_vaults_tetromino_L_2,
          grunt_vaults_twisty, hangedman_vaults_pinch,
          ontoclasm_vaults_misaligned, layout_vaults_ring, uniq_saint_roka
Vaults:5: serial_shops, uniq_bai_suzhen
Crypt:1:  layout_regular_city, minivault_27, minivault_27
Crypt:2:  hangedman_hall_of_fallen_heroes, layout_misc_corridors,
          ebering_ghost_reflecting_pool, grunt_ministairs_6
Crypt:3:  cryptofortress_bobbens, uniq_zenata
Depths:1: layout_gridlike, pf_vacation_house_of_asmodeus,
          serial_sigils_hangedman_gnaw, hangedman_abyss_or_decor_slice,
          serial_bayou_pond_b, minmay_misc_feat_chi, nzn_hepliaklqana_mist_gate
Depths:2: mu_elemental_laboratory, layout_gridlike,
          abyss_entry_small_statue_room, grunt_hell_entry_dis_grunt,
          fountainhead, pan_entry, serial_shops, shop, mu_enter_wizlab_5,
          zin_statuary, infiniplex_staircase_pool_1
Depths:3: hourglass_vault, layout_gridlike, abyss_entry, hell_entry,
          lemuel_crystal_altar, nicolae_trove_entry_free_sample,
          infiniplex_staircase_pool_2
Depths:4: grunt_twist_and_shout, layout_honeycomb, enter_ziggurat_b,
          serial_shops, shop, minmay_room_of_horrors, nicolae_twisting_strands,
          pan_entry, hell_entry
Zot:1:    layout_misc_corridors, hangedman_zot_decor_scrapings
Zot:2:    layout_basic, uniq_josephina
Zot:3:    hangedman_zot_vaults_quadrants, layout_cathedral_of_symmetry,
          bh_zot_lava_cross, nicolae_diode_quadrants
Zot:4:    layout_onion_interference, regret_index_zotdec_golden_two_three,
          grunt_ministairs_12
Zot:5:    layout_basic

Notes
Turn   | Place    | Note
-------+----------+-------------------------------------------
     0 | D:1      | Drazool the Kobold Earth Elementalist began the quest for
                  | the Orb.
     0 | D:1      | Reached XP level 1. HP: 10/10 MP: 3/3
   341 | D:1      | Reached XP level 2. HP: 15/15 MP: 3/5
   735 | D:2      | Noticed Natasha
   738 | D:2      | Killed Natasha
   739 | D:2      | Reached skill level 4 in Earth Magic
   739 | D:2      | Reached XP level 3. HP: 19/19 MP: 2/6
   745 | D:2      | Learned a level 3 spell: Passwall
  1011 | D:2      | Noticed Natasha
  1016 | D:2      | Killed Natasha
  1017 | D:2      | Reached XP level 4. HP: 11/24 MP: 1/7
  1018 | D:2      | Reached skill level 5 in Earth Magic
  1275 | D:2      | Noticed Natasha
  1314 | D:2      | Killed Natasha
  1315 | D:2      | Reached XP level 5. HP: 8/28 MP: 3/8
  1509 | D:2      | Noticed Sigmund
  1766 | D:2      | Noticed Terence
  1839 | D:2      | Noticed Jessica
  1841 | D:2      | Killed Jessica
  1842 | D:2      | Reached skill level 2 in Conjurations
  1954 | D:2      | Killed Terence
  1955 | D:2      | Reached XP level 6. HP: 32/32 MP: 5/9
  2097 | D:3      | Identified a potion of experience
  2100 | D:3      | Reached skill level 6 in Fighting
  2100 | D:3      | Reached skill level 9 in Stealth
  2100 | D:3      | Reached skill level 6 in Spellcasting
  2100 | D:3      | Reached skill level 7 in Conjurations
  2100 | D:3      | Reached XP level 7. HP: 47/47 MP: 9/17
  2157 | D:3      | Learned a level 3 spell: Stone Arrow
  2162 | D:3      | Learned a level 4 spell: Brom's Barrelling Boulder
  2179 | D:3      | Learned a level 4 spell: Iskenderun's Mystic Blast
  2337 | D:3      | Reached skill level 1 in Translocations
  3366 | D:4      | Reached skill level 2 in Translocations
  3470 | D:4      | Found a sacrificial altar of Ru.
  3776 | D:4      | Reached skill level 3 in Translocations
  3948 | D:5      | Entered Level 5 of the Dungeon
  3950 | D:5      | Reached XP level 8. HP: 52/52 MP: 14/18
  4288 | D:5      | Found an iron altar of Okawaru.
  4337 | D:5      | Found a white marble altar of Elyvilon.
  4369 | D:5      | Reached skill level 4 in Translocations
  5032 | D:5      | Reached skill level 5 in Translocations
  5095 | D:5      | Reached XP level 9. HP: 56/56 MP: 17/19
  5239 | D:5      | Found a hide-covered altar of Uskayaw.
  5371 | D:5      | Noticed a two-headed ogre
  5455 | D:5      | Reached skill level 7 in Spellcasting
  5536 | D:5      | Killed a two-headed ogre
  5537 | D:5      | Reached skill level 6 in Earth Magic
  5537 | D:5      | Reached skill level 4 in Dodging
  5537 | D:5      | Reached skill level 7 in Fighting
  5695 | D:5      | Reached skill level 1 in Evocations
  5901 | D:6      | Noticed a two-headed ogre
  5908 | D:6      | Killed a two-headed ogre
  5909 | D:6      | Reached skill level 3 in Evocations
  5909 | D:6      | Reached XP level 10. HP: 63/63 MP: 3/20
  6126 | D:5      | Reached skill level 7 in Earth Magic
  6174 | D:6      | Noticed Maggie
  6275 | D:6      | Killed Maggie
  6276 | D:6      | Reached skill level 10 in Stealth
  6434 | D:6      | Reached skill level 4 in Evocations
  6812 | D:6      | Found a broken altar of Ashenzari.
  6818 | D:6      | Found an ornate altar of the Wu Jian Council.
  7001 | D:6      | Reached skill level 5 in Dodging
  7094 | D:7      | Reached skill level 6 in Dodging
  7318 | D:7      | Reached skill level 7 in Dodging
  7688 | D:7      | Reached skill level 8 in Dodging
  8009 | D:7      | Found a staircase to the Ecumenical Temple.
  8018 | Temple   | Entered the Ecumenical Temple
  8027 | Temple   | Became a worshipper of Sif Muna the Loreminder
  8354 | D:8      | Reached skill level 1 in Invocations
  8558 | D:8      | Identified the +3 pair of gloves "Vauph" {rF- rC++ Dex+6}
  8655 | D:8      | Reached skill level 2 in Invocations
  8978 | D:8      | Reached skill level 3 in Invocations
  9159 | D:8      | Reached XP level 11. HP: 67/67 MP: 17/21
  9193 | D:8      | Learned a level 4 spell: Petrify
  9573 | D:8      | Reached skill level 4 in Invocations
  9964 | D:9      | Found a transporter.
  9965 | D:9      | Noticed hawla's ghost (novice DEFE)
  9971 | D:9      | Noticed a two-headed ogre
 10125 | D:9      | Noticed a two-headed ogre
 10134 | D:9      | Killed a two-headed ogre
 10135 | D:9      | Reached skill level 5 in Invocations
 10349 | D:9      | Reached skill level 6 in Invocations
 10412 | D:9      | Noticed Jeremiah
 10684 | D:9      | Noticed a two-headed ogre
 10999 | D:9      | Noticed a two-headed ogre
 11002 | D:9      | Identified the +2 great mace "Osotodgh" {vamp, rN+ Str+3}
 11002 | D:9      | Noticed a two-headed ogre
 11026 | D:10     | Entered Level 10 of the Dungeon
 11193 | D:10     | Reached skill level 7 in Invocations
 11325 | D:10     | Found a staircase to the Orcish Mines.
 11459 | D:10     | Reached * piety under Sif Muna
 11460 | D:10     | Reached skill level 8 in Invocations
 11610 | D:10     | Reached skill level 1 in Alchemy
 11778 | D:10     | Reached skill level 2 in Alchemy
 11874 | D:10     | Found a staircase to the Lair.
 12071 | D:10     | Reached skill level 3 in Alchemy
 12284 | D:10     | Reached skill level 4 in Alchemy
 12295 | D:10     | Reached skill level 5 in Evocations
 12429 | D:10     | Noticed a sun demon
 12430 | D:10     | Reached skill level 9 in Dodging
 12508 | D:10     | Reached skill level 10 in Dodging
 12656 | D:10     | Reached XP level 12. HP: 72/72 MP: 15/22
 12962 | D:10     | Noticed Fannar
 12975 | D:10     | Killed Fannar
 12976 | D:10     | Reached skill level 11 in Dodging
 12976 | D:10     | Reached skill level 1 in Armour
 13094 | Lair:1   | Entered Level 1 of the Lair of Beasts
 13103 | D:10     | Reached skill level 2 in Armour
 13334 | Lair:1   | Reached ** piety under Sif Muna
 13335 | Lair:1   | Reached skill level 3 in Armour
 13661 | Lair:1   | Reached skill level 4 in Armour
 14263 | Lair:1   | Found a runed translucent gate.
 14264 | Lair:1   | Found a runed translucent gate.
 14265 | Lair:1   | Found a runed translucent gate.
 14265 | Lair:1   | Noticed Bediveer's ghost (journeyman DEHu)
 14569 | Lair:2   | Noticed a six-headed hydra
 14593 | Lair:2   | Killed a six-headed hydra
 14594 | Lair:2   | Reached skill level 8 in Earth Magic
 15083 | Lair:2   | Noticed a seven-headed hydra
 15145 | Lair:2   | Killed a seven-headed hydra
 15146 | Lair:2   | Reached skill level 9 in Earth Magic
 15729 | Lair:2   | Reached skill level 10 in Earth Magic
 15764 | Lair:2   | Found a runed translucent door.
 15772 | Lair:2   | Noticed Urug
 15864 | Lair:2   | Reached XP level 13. HP: 76/76 MP: 14/23
 16182 | Lair:2   | Found a runed translucent gate.
 16182 | Lair:2   | Found a runed translucent gate.
 16183 | Lair:2   | Found a runed translucent gate.
 16331 | Lair:2   | Noticed a four-headed hydra
 16338 | Lair:2   | Killed a four-headed hydra
 16339 | Lair:2   | Reached skill level 8 in Conjurations
 16956 | Lair:3   | Reached skill level 9 in Conjurations
 17805 | Lair:3   | Noticed an eight-headed hydra
 17837 | Lair:3   | Killed an eight-headed hydra
 17838 | Lair:3   | Reached skill level 10 in Conjurations
 18210 | Lair:3   | Reached skill level 6 in Translocations
 18813 | Lair:3   | Reached skill level 7 in Translocations
 19000 | Lair:3   | Reached skill level 12 in Dodging
 19080 | Lair:3   | Found a staircase to the Shoals.
 19201 | Lair:3   | Found a hole to the Spider Nest.
 19597 | Lair:4   | Reached skill level 13 in Dodging
 19992 | Lair:4   | Reached *** piety under Sif Muna
 20029 | Lair:4   | Reached skill level 11 in Stealth
 20167 | Lair:4   | Reached XP level 14. HP: 82/82 MP: 4/24
 20355 | Lair:4   | Reached skill level 12 in Stealth
 21019 | Lair:4   | Reached skill level 8 in Spellcasting
 21274 | Lair:4   | Found a transporter.
 21275 | Lair:4   | Found a transporter.
 21347 | Lair:5   | Entered Level 5 of the Lair of Beasts
 21426 | Lair:5   | Reached skill level 9 in Spellcasting
 21648 | Lair:5   | Found a runed translucent door.
 21648 | Lair:5   | Found a viscous altar of Jiyva.
 22505 | Lair:5   | Found a staircase to the Slime Pits.
 22505 | Lair:5   | Noticed an acid blob
 22550 | Lair:5   | Reached skill level 10 in Spellcasting
 23286 | Lair:5   | Reached skill level 8 in Fighting
 23971 | Lair:5   | Reached skill level 9 in Fighting
 24711 | Lair:5   | Reached **** piety under Sif Muna
 24712 | Lair:5   | Reached skill level 5 in Alchemy
 25175 | Lair:5   | Reached skill level 6 in Alchemy
 25748 | Lair:5   | Reached skill level 14 in Dodging
 25748 | Lair:5   | Reached XP level 15. HP: 90/90 MP: 22/29
 26337 | Lair:5   | Reached skill level 15 in Dodging
 26493 | Lair:5   | Found a corrupted altar of Lugonu.
 26495 | Lair:5   | Found a one-way gate to the infinite horrors of the Abyss.
 27477 | D:11     | Found an ancient bone altar of Kikubaaqudgha.
 27525 | D:11     | Noticed Amaemon
 27610 | Orc:1    | Entered Level 1 of the Orcish Mines
 27636 | D:10     | Reached skill level 11 in Earth Magic
 28463 | Orc:1    | You fall into a shaft and drop 1 floor!
 28463 | Orc:2    | Entered Level 2 of the Orcish Mines
 28884 | Orc:2    | Found a staircase to the Elven Halls.
 29710 | Orc:2    | Reached skill level 12 in Earth Magic
 30093 | Orc:2    | Reached ***** piety under Sif Muna
 30126 | Orc:2    | Noticed an orc warlord
 30144 | Orc:2    | Killed an orc warlord
 31079 | Orc:2    | Reached skill level 11 in Conjurations
 31570 | Orc:2    | Paralysed by an orc sorcerer for 5 turns
 31737 | Orc:2    | Identified a +2 robe of resistance
 31779 | Orc:2    | Received a gift from Sif Muna
 31917 | Orc:2    | Found Ifirut's General Store.
 31917 | Orc:2    | Found Ciman's Book Shoppe.
 31926 | Orc:2    | Found Peun's Antique Armour Shoppe.
 31927 | Orc:2    | Found Daum's Antique Weapon Emporium.
 31934 | Orc:2    | Bought a crude helmet for 304 gold pieces
 31934 | Orc:2    | Identified the +0 helmet "Xerphud" {Will+} (You bought it
                  | in a shop on level 2 of the Orcish Mines)
 31954 | Orc:2    | Bought a book of Spontaneous Combustion for 532 gold pieces
 31960 | Orc:2    | Learned a level 5 spell: Irradiate
 32088 | D:9      | Killed Jeremiah
 32551 | D:2      | Killed Sigmund
 34155 | D:11     | Killed Amaemon
 34287 | D:11     | Reached skill level 12 in Conjurations
 34675 | D:12     | Found a gate leading to a gauntlet.
 34681 | Gauntlet | Entered a Gauntlet
 34681 | Gauntlet | Found a transporter.
 34694 | Gauntlet | Found a transporter.
 34706 | Gauntlet | Found a transporter.
 34719 | Gauntlet | Found a transporter.
 34727 | Gauntlet | Found a runed translucent door.
 34732 | Gauntlet | Found a transporter.
 34749 | Gauntlet | Found a transporter.
 34770 | Gauntlet | Found a runed translucent door.
 34828 | Gauntlet | Found a transporter.
 34828 | Gauntlet | Found a transporter.
 34844 | Gauntlet | Found a transporter.
 34844 | Gauntlet | Found a transporter.
 34908 | Gauntlet | Found a transporter.
 34908 | Gauntlet | Found a transporter.
 34924 | Gauntlet | Found a transporter.
 34924 | Gauntlet | Found a transporter.
 35143 | Gauntlet | Got the Compendium of the Snake
 35304 | Gauntlet | Identified the amulet of Rubywk {rPois rN++ Will+ Regen+
                  | Str-2}
 36124 | D:12     | Reached skill level 7 in Alchemy
 36125 | D:12     | Reached XP level 16. HP: 80/96 MP: 9/30
 36444 | D:12     | Noticed Azrael
 36478 | D:12     | Killed Azrael
 37116 | D:13     | Found a frozen archway.
 37237 | D:13     | Identified a scroll of acquirement
 37243 | D:13     | Acquired the staff of Indomitability {rPois Int+2 Dex+3
                  | Alchemy}
 37249 | IceCv    | Entered an ice cave
 37398 | IceCv    | Reached skill level 8 in Alchemy
 37944 | IceCv    | Received a gift from Sif Muna
 38332 | D:13     | Reached skill level 16 in Dodging
 38776 | D:13     | Noticed Rupert
 38777 | D:13     | Paralysed by Rupert for 5 turns
 38801 | D:13     | Killed Rupert
 38802 | D:13     | Reached skill level 17 in Dodging
 39348 | D:13     | Got Syfye's Atlas of Tropical Transfiguration
 39453 | D:13     | Noticed Nessos
 39459 | D:13     | Killed Nessos
 39566 | D:14     | Noticed Agnes
 39966 | D:14     | Reached skill level 5 in Armour
 40538 | D:14     | Reached skill level 6 in Armour
 40696 | D:14     | Found a gate to the Vaults.
 41296 | D:14     | Reached skill level 9 in Invocations
 41699 | D:14     | Learned a level 4 spell: Olgreb's Toxic Radiance
 41902 | D:14     | Killed Agnes
 41903 | D:14     | Reached skill level 10 in Invocations
 42360 | D:15     | Entered Level 15 of the Dungeon
 42376 | D:15     | Found a staircase to the Depths.
 42553 | D:15     | Learned a level 5 spell: Yara's Violent Unravelling
 42584 | D:15     | Reached skill level 1 in Hexes
 42830 | D:15     | Reached skill level 2 in Hexes
 42838 | D:15     | Reached skill level 3 in Hexes
 43016 | D:15     | Reached XP level 17. HP: 100/100 MP: 9/31
 43209 | D:15     | Noticed Roxanne
 43287 | D:15     | Reached skill level 4 in Hexes
 43716 | D:15     | Reached skill level 5 in Hexes
 44122 | D:15     | Reached skill level 7 in Hexes
 44122 | D:15     | Reached XP level 18. HP: 105/105 MP: 32/32
 44130 | D:15     | Reached skill level 8 in Hexes
 44784 | Spider:1 | Entered Level 1 of the Spider Nest
 45456 | Spider:1 | Identified the serpent talisman "Cicsagia" {Str+6 Int+2
                  | SInv}
 45456 | Spider:1 | Noticed Aizul
 45633 | Lair:3   | Learned a level 6 spell: Bombard
 46046 | Spider:1 | Reached skill level 11 in Spellcasting
 46070 | Spider:1 | Killed Aizul
 46331 | Spider:1 | Noticed Frances
 46350 | Spider:1 | Killed Frances
 46493 | Spider:1 | Learned a level 1 spell: Sandblast
 46989 | Spider:2 | Reached skill level 12 in Spellcasting
 47168 | Spider:2 | Reached skill level 9 in Alchemy
 47300 | Spider:2 | Reached skill level 6 in Evocations
 47954 | Spider:2 | Reached skill level 13 in Spellcasting
 47954 | Spider:2 | Reached XP level 19. HP: 110/110 MP: 34/36
 48205 | Spider:2 | Reached skill level 13 in Stealth
 48597 | Spider:2 | HP: 6/110 [demonic crawler (12)]
 49212 | Spider:3 | Reached skill level 14 in Stealth
 49893 | Spider:3 | Reached skill level 10 in Fighting
 50864 | Spider:3 | Reached skill level 11 in Fighting
 50864 | Spider:3 | Reached XP level 20. HP: 120/120 MP: 18/37
 51203 | Spider:4 | Entered Level 4 of the Spider Nest
 51386 | Spider:4 | Noticed Donald
 51393 | Spider:4 | Killed Donald
 51777 | Spider:4 | Reached skill level 10 in Alchemy
 52571 | Spider:4 | Learned a level 5 spell: Iskenderun's Battlesphere
 53025 | Spider:4 | Reached skill level 13 in Earth Magic
 53039 | Spider:4 | Received a gift from Sif Muna
 53388 | Spider:4 | Got Sif Muna's Catalogue of the Stony Missiles {god gift}
 53402 | Spider:4 | Learned a level 5 spell: Lee's Rapid Deconstruction
 53811 | Spider:4 | Got a gossamer rune of Zot
 53823 | Spider:4 | Identified a scarf of resistance
 53824 | Spider:4 | Identified the +1 pair of gloves of Understanding {Dex+2}
 53986 | Shoals:1 | Entered Level 1 of the Shoals
 54230 | Shoals:1 | Reached skill level 14 in Earth Magic
 56370 | Shoals:2 | Reached skill level 13 in Conjurations
 57780 | Shoals:2 | Reached skill level 11 in Invocations
 58581 | Shoals:3 | Noticed Polyphemus
 59942 | Shoals:3 | Reached skill level 12 in Invocations
 60481 | Shoals:3 | Reached XP level 21. HP: 124/124 MP: 17/38
 60672 | Shoals:3 | Killed Polyphemus
 61874 | Shoals:4 | Entered Level 4 of the Shoals
 62047 | Shoals:3 | Reached skill level 15 in Earth Magic
 63539 | Shoals:4 | Identified the amulet of the Telling Gods {Regen+ rCorr
                  | Str+3}
 64228 | Shoals:4 | Reached skill level 16 in Earth Magic
 64353 | Shoals:4 | Received a gift from Sif Muna
 64358 | Shoals:4 | Got Sif Muna's Grimoire of the Inferno {god gift}
 65603 | Shoals:4 | Got a barnacled rune of Zot
 65820 | Elf:1    | Entered Level 1 of the Elven Halls
 66412 | Elf:1    | Reached skill level 17 in Earth Magic
 66934 | Elf:1    | Reached skill level 8 in Translocations
 67243 | Elf:1    | Found Riohiecs's Weapon Shoppe.
 67667 | Elf:1    | Reached skill level 9 in Translocations
 68859 | Vaults:1 | Entered Level 1 of the Vaults
 69295 | D:14     | Reached skill level 10 in Translocations
 69879 | Vaults:1 | Identified the +0 ring mail "Afef" {MP+9}
 69910 | Vaults:1 | Reached XP level 22. HP: 130/130 MP: 15/39
 70821 | Vaults:1 | Found Zicimmoxae's Jewellery Shoppe.
 71176 | Vaults:1 | Reached skill level 14 in Conjurations
 72707 | Vaults:1 | Received a gift from Sif Muna
 72731 | Vaults:1 | Got Viutytt's Vellum of the Spatial Sixfirhy {god gift}
 72962 | Orc:2    | Bought a book of Spatial Translocations for 252 gold pieces
 72965 | Orc:2    | Learned a level 2 spell: Blink
 73152 | Vaults:1 | Reached skill level 15 in Conjurations
 73639 | Vaults:2 | Found Pell's Jewellery Boutique.
 73703 | Vaults:2 | Found a flickering gateway to a bazaar.
 73732 | Bazaar   | Entered a bazaar
 73732 | Bazaar   | Found Zenagrye's Weapon Shoppe.
 73732 | Bazaar   | Found Xeisuz's Antique Armour Boutique.
 73761 | Bazaar   | Found Nustokke's Distillery.
 73775 | Bazaar   | Found Humulocw's Weapon Shop.
 73787 | Bazaar   | Found Kieroy's Antique Weapon Shop.
 73803 | Bazaar   | Bought a potion of heal wounds for 80 gold pieces
 73803 | Bazaar   | Bought a potion of curing for 48 gold pieces
 73803 | Bazaar   | Bought a potion of curing for 48 gold pieces
 73803 | Bazaar   | Bought a potion of enlightenment for 80 gold pieces
 73803 | Bazaar   | Bought a potion of lignification for 48 gold pieces
 73803 | Bazaar   | Bought a potion of lignification for 48 gold pieces
 74604 | Vaults:2 | Found Igguhoa's Book Boutique.
 75009 | Vaults:2 | Reached skill level 16 in Conjurations
 75158 | Vaults:2 | Found Loedi's Distillery.
 75377 | Vaults:2 | Noticed Sojobo
 75765 | Vaults:2 | Found Ekiz's Antique Armour Emporium.
 77156 | Vaults:2 | Killed Sojobo
 77157 | Vaults:2 | Reached skill level 17 in Conjurations
 77993 | Shoals:4 | Learned a level 8 spell: Lehudib's Crystal Spear
 78559 | Vaults:3 | Found a staircase to the Crypt.
 78559 | Vaults:3 | Found an ancient bone altar of Kikubaaqudgha.
 78559 | Vaults:3 | Found a basalt altar of Yredelemnul.
 79158 | Vaults:3 | Reached skill level 14 in Spellcasting
 79158 | Vaults:3 | Reached XP level 23. HP: 103/135 MP: 31/41
 80199 | Vaults:3 | Found a runed translucent gate.
 80201 | Vaults:3 | Found a runed translucent gate.
 80202 | Vaults:3 | Found a runed translucent gate.
 80435 | Vaults:3 | Reached skill level 15 in Spellcasting
 81268 | Vaults:3 | Identified the +5 chain mail of Dice, Bag, and Bottle
                  | {rPois rCorr Str-3 Int+7}
 81268 | Vaults:3 | Identified the +3 kite shield "Gunosm" {Will+ SInv}
 81275 | Vaults:3 | Noticed Ynkoon's ghost (adept NaAl)
 82083 | Vaults:3 | Identified the ring of Gufod {rElec rC+ Str+5 Int+2}
 82306 | Vaults:3 | Killed Ynkoon's ghost
 82643 | Vaults:3 | Reached skill level 18 in Earth Magic
 83023 | Vaults:4 | Acquired the +0 pair of gloves "Ceirips" {Rampage rElec
                  | Will+}
 83360 | Orc:2    | Bought a scroll of enchant armour for 82 gold pieces
 84427 | Vaults:4 | Found a runed translucent gate.
 84427 | Vaults:4 | Found a runed translucent gate.
 84427 | Vaults:4 | Found a runed translucent gate.
 84671 | Vaults:4 | Noticed Saint Roka
 84684 | Vaults:4 | Killed Saint Roka
 85280 | Vaults:4 | Reached skill level 19 in Earth Magic
 85285 | Vaults:4 | Reached skill level 1 in Summonings
 85304 | Vaults:3 | Reached skill level 2 in Summonings
 85487 | Vaults:4 | Noticed an ancient lich
 85487 | Vaults:4 | Noticed Angmar's ghost (veteran DrAE)
 85488 | Vaults:4 | Found an ancient bone altar of Kikubaaqudgha.
 85662 | Vaults:4 | Reached skill level 3 in Summonings
 85870 | Vaults:4 | Reached skill level 4 in Summonings
 86265 | Vaults:4 | Reached skill level 5 in Summonings
 87122 | Depths:1 | Entered Level 1 of the Depths
 87209 | Depths:1 | Reached skill level 6 in Summonings
 87214 | Depths:1 | Reached XP level 24. HP: 126/140 MP: 4/42
 87577 | Depths:1 | Found a hazy altar of Hepliaklqana.
 87648 | Depths:1 | Reached skill level 7 in Summonings
 88349 | Depths:1 | Received a gift from Sif Muna
 88365 | Depths:1 | Reached skill level 8 in Summonings
 88425 | Depths:1 | Got Dieq Zia's Omnibus of the Singed Familiar {god gift}
 89053 | Depths:1 | Reached skill level 9 in Summonings
 89266 | Depths:1 | Found a gateway to Hell.
 89856 | Depths:1 | Reached skill level 10 in Summonings
 90116 | Depths:1 | Learned a level 7 spell: Spellforged Servitor
 90144 | Depths:2 | Found Rytzeisk's Assorted Antiques.
 90206 | Depths:2 | Found a magical portal.
 90212 | WizLab   | Entered The Hall of the Hellbinder
 90451 | Depths:2 | Bought 2 potions of haste for 760 gold pieces
 90451 | Depths:2 | Bought a potion of might for 152 gold pieces
 90787 | Depths:2 | Found a runed translucent door.
 91406 | Depths:2 | Received a gift from Sif Muna
 91407 | Depths:2 | Got Fokheulo's Vademecum on the Ghoulish Familiar {god
                  | gift}
 91614 | Depths:2 | Reached skill level 16 in Spellcasting
 91756 | Depths:2 | Found a glowing silver altar of Zin.
 92122 | Depths:2 | Found a one-way gate leading to the halls of Pandemonium.
 93186 | Depths:3 | Reached skill level 11 in Summonings
 93611 | Depths:3 | Found a portal to a secret trove of treasure.
 93706 | Depths:3 | Found a sparkling altar of Nemelex Xobeh.
 94070 | Depths:3 | Reached skill level 12 in Summonings
 94283 | Depths:3 | Noticed a caustic shrike
 94424 | Depths:3 | Killed a caustic shrike
 94583 | Depths:3 | Noticed a caustic shrike
 94632 | Depths:3 | Killed a caustic shrike
 94633 | Depths:3 | Reached skill level 12 in Fighting
 94789 | Depths:3 | Reached XP level 25. HP: 147/147 MP: 25/43
 95298 | Depths:4 | Entered Level 4 of the Depths
 95324 | Depths:4 | Upgraded the game from 0.31.0-10-gcf4a605ca0 to
                  | 0.31.0-11-ge490571c62
 95705 | Depths:4 | Found a gate to the Realm of Zot.
 95858 | Depths:4 | Reached skill level 13 in Fighting
 96133 | Depths:4 | Found a one-way gateway to a ziggurat.
 97056 | Depths:4 | Reached skill level 13 in Invocations
 97467 | Depths:4 | Found Okloaho's Distillery.
 97472 | Depths:4 | Bought a potion of heal wounds for 60 gold pieces
 97472 | Depths:4 | Bought a potion of curing for 36 gold pieces
 97472 | Depths:4 | Bought a potion of heal wounds for 60 gold pieces
 97472 | Depths:4 | Bought a potion of haste for 120 gold pieces
 97472 | Depths:4 | Bought 2 potions of might for 96 gold pieces
 97472 | Depths:4 | Bought a potion of brilliance for 48 gold pieces
 98539 | Elf:2    | Noticed Norris
 98563 | Elf:2    | Reached skill level 14 in Invocations
 98580 | Elf:2    | Killed Norris
 98663 | Elf:2    | Received a gift from Sif Muna
 98716 | Elf:2    | Got Sif Muna's Practical Witchcraft {god gift}
 99386 | Elf:2    | Found a huge runed translucent gate.
 99386 | Elf:2    | Found a huge runed translucent gate.
 99387 | Elf:2    | Found a huge runed translucent gate.
 99388 | Elf:2    | Found a huge runed translucent gate.
 99388 | Elf:2    | Found a huge runed translucent gate.
 99540 | Elf:2    | Noticed Asterion
 99549 | Elf:2    | Killed Asterion
 99848 | Elf:3    | Entered Level 3 of the Elven Halls
100272 | Elf:3    | Reached skill level 15 in Invocations
101507 | Elf:3    | Found a runed translucent door.
101583 | Elf:3    | Noticed olmar's ghost (adept GrFi)
101899 | Elf:3    | Reached skill level 16 in Invocations
102147 | Elf:3    | Identified the ring "Gotedwik" {rN+ Will+ Int-2 Dex+3
                  | Slay+3}
102262 | Elf:3    | Identified the +9 flail "Finwogen" {drain, rElec rF+++
                  | Will- Int-4}
102606 | Elf:3    | Identified the +9 quarterstaff of Contention {freeze,
                  | ^Fragile rF+ rC+}
102625 | Elf:3    | Reached skill level 17 in Invocations
102775 | Elf:3    | Identified the ring of Elolotun {rPois rF+ rN+}
102882 | Elf:3    | Found the amulet of the Four Winds {rN+ Will+++ Clar}
102888 | Elf:3    | Got the Octavo of the Snowflakes and Gusts
102991 | Elf:3    | Identified the +8 sling "Nuwusch" {flame, rCorr Str+2 Int+5
                  | Stlth-}
102999 | Elf:3    | Identified the +8 sling of Inagimur {flame, rPois rC+++
                  | Int-5 Dex+3}
103004 | Elf:3    | Identified the +1 arbalest "Mul Kor" {penet, Int+5}
103204 | Elf:3    | Killed olmar's ghost
103205 | Elf:3    | Reached XP level 26. HP: 156/156 MP: 19/43
103291 | Elf:3    | Identified the ring "Zoses" {rF+ rCorr Slay+3}
103405 | Orc:2    | Bought a heavily runed ring mail for 288 gold pieces
103405 | Orc:2    | Identified the +3 ring mail "Usoasohu" {Dex+3} (You bought
                  | it in a shop on level 2 of the Orcish Mines)
103623 | Lair:1   | Killed Bediveer's ghost
103690 | Lair:1   | Found a viscous altar of Jiyva.
103697 | Lair:1   | Identified the ring of Zoliunew {Wiz rCorr}
103916 | Crypt:1  | Entered Level 1 of the Crypt
104914 | Crypt:1  | Noticed a curse skull
104918 | Crypt:1  | Killed a curse skull
105272 | Crypt:1  | Noticed a curse skull
105274 | Crypt:1  | Killed a curse skull
105448 | Crypt:1  | Reached skill level 18 in Conjurations
106403 | Crypt:2  | Found a runed translucent door.
107388 | Crypt:2  | Reached skill level 11 in Translocations
107968 | Crypt:2  | Got the Precepts of Cursed Esoterica
108066 | Crypt:2  | Identified the +6 sling of Dissolution {drain, rC+ Int+7}
108251 | Crypt:2  | Noticed a curse skull
108265 | Crypt:2  | Killed a curse skull
109036 | Crypt:2  | Identified the +4 rapier of Misery {heavy, rF+ Str+2}
109304 | Crypt:2  | Noticed Kucw's ghost (adept GrFi)
109344 | Crypt:3  | Entered Level 3 of the Crypt
109348 | Crypt:3  | Reached skill level 12 in Translocations
110200 | Crypt:3  | Identified the ring of Wathraqy {Fly rC- rN+ Will+ Slay+6}
110338 | Crypt:3  | Reached skill level 13 in Translocations
111159 | Crypt:3  | Identified the +8 long sword "Masuj" {flame, +Blink rPois
                  | Str-4 Dex+8}
111286 | Crypt:3  | Identified the staff "Undertaker" {rElec rPois Int+3 Air}
111286 | Crypt:3  | Identified the +2 robe of Noon {-Tele rPois rF+++ Str+5}
111286 | Crypt:3  | Identified the +0 buckler of Vixt {rPois rC+}
111290 | Crypt:3  | Received a gift from Sif Muna
111300 | Crypt:3  | Got Sif Muna's Exposition on Loathsome Hyperthermia {god
                  | gift}
111300 | Crypt:3  | Noticed a dread lich
111305 | Crypt:3  | Killed a dread lich
111320 | Crypt:3  | Reached skill level 14 in Translocations
111320 | Crypt:3  | Noticed Zenata
111848 | Crypt:3  | Killed Zenata
112187 | Crypt:3  | Found a basalt altar of Yredelemnul.
112202 | Crypt:3  | Identified the +0 robe of Betowkyo {rN+ Regen+ Dex-4}
112337 | Crypt:3  | Found a staircase to the Tomb.
112549 | Crypt:3  | Identified the ring "Coabiv" {rN+ Str+3 Int+3}
112554 | Crypt:3  | Identified the staff of Narikud {rF+ Fire Air}
112951 | Vaults:5 | Entered Level 5 of the Vaults
112951 | Vaults:5 | Noticed Bai Suzhen
112958 | Vaults:5 | Reached skill level 15 in Translocations
113010 | Vaults:5 | Reached XP level 27. HP: 103/160 MP: 19/43
113357 | Vaults:5 | Got a silver rune of Zot
113572 | Vaults:5 | Identified the +12 long sword of the Bursting Traitor
                  | {freeze, +Blink rC+ rN+++ Dex-3}
113679 | Vaults:5 | Identified the +1 shortbow of Causality {speed, rC+}
113835 | Vaults:5 | Reached skill level 16 in Translocations
114952 | Vaults:5 | Reached skill level 17 in Translocations
115649 | Vaults:5 | Noticed an ancient lich
115652 | Vaults:5 | Killed an ancient lich
115889 | Vaults:5 | Killed Bai Suzhen
115890 | Vaults:5 | Reached skill level 18 in Translocations
116659 | Vaults:5 | Identified a potion of resistance
116662 | Vaults:5 | Got the Reference Book on Fascination
116703 | Vaults:5 | Identified the staff of Qazlal's Generosity {rElec rF+
                  | Str+2 Fire}
117464 | Zot:1    | Entered Level 1 of the Realm of Zot
117494 | Zot:2    | Noticed an electric golem
117503 | Zot:1    | Noticed an electric golem
117506 | Zot:1    | Killed an electric golem
118631 | Zot:1    | Reached skill level 19 in Translocations
119110 | Zot:1    | Noticed an orb of fire
119544 | Zot:1    | Killed an orb of fire
119893 | Depths:3 | You paid a toll of +2 shadow dragon scales to enter a
                  | treasure trove
119894 | Trove    | Entered a treasure trove
119900 | Trove    | Found the +8 trishula "Condemnation" {holy, anguish, *Noise
                  | Fly rN+}
119911 | Trove    | Got the Treatise on Generation
119994 | Zot:1    | Killed an electric golem
120257 | Zot:2    | Reached skill level 20 in Translocations
121321 | Shoals:4 | Learned a level 8 spell: Disjunction
121967 | Zot:2    | Identified the ring "Myklong" {Ice rN++ Int+3 Dex+2}
121967 | Zot:2    | Noticed Josephina
121970 | Zot:2    | Killed Josephina
122727 | Zot:2    | Reached skill level 13 in Summonings
124109 | Zot:3    | Noticed an electric golem
124309 | Zot:3    | Killed an electric golem
124310 | Zot:3    | Reached skill level 14 in Summonings
124585 | Zot:3    | Found a transporter.
124605 | Zot:3    | Found a transporter.
124618 | Zot:3    | Noticed an orb of fire
124779 | Zot:3    | Found a transporter.
124780 | Zot:3    | Found a transporter.
125519 | Zot:3    | Killed an orb of fire
125520 | Zot:3    | Reached skill level 15 in Summonings
126781 | Zot:3    | You fall into a shaft and drop 1 floor!
127155 | Zot:3    | Reached skill level 19 in Conjurations
127407 | Zot:3    | Noticed a curse toe
127419 | Zot:3    | Killed a curse toe
129424 | Zot:4    | Received a gift from Sif Muna
129540 | Zot:4    | Reached skill level 20 in Conjurations
130725 | Zot:4    | Got Sif Muna's Parchment of Gusty Bombardment {god gift}
132281 | Zot:3    | Reached skill level 20 in Earth Magic
134301 | Zot:5    | Entered Level 5 of the Realm of Zot
134430 | Zot:5    | Gained mutation: You occasionally shout uncontrollably at
                  | your foes. [a shining eye]
134832 | Zot:5    | Reached skill level 21 in Earth Magic
135661 | Zot:5    | Noticed an orb of fire
135662 | Zot:5    | Noticed a dread lich
135666 | Zot:5    | Killed an orb of fire
135677 | Zot:5    | Noticed a Killer Klown
135850 | Zot:5    | Killed a Killer Klown
135854 | Zot:5    | Noticed a Killer Klown
135854 | Zot:5    | Killed a dread lich
135861 | Zot:5    | Killed a Killer Klown
135900 | Zot:5    | Noticed an electric golem
135903 | Zot:5    | Killed an electric golem
136123 | Zot:5    | Reached skill level 22 in Earth Magic
136536 | Zot:5    | Noticed an orb of fire
136541 | Zot:5    | Killed an orb of fire
136649 | Zot:5    | Noticed a Killer Klown
136654 | Zot:5    | Noticed an ancient lich
136657 | Zot:5    | Noticed an ancient lich
136672 | Zot:5    | Killed an ancient lich
136767 | Zot:5    | Noticed a Killer Klown
136771 | Zot:5    | Killed a Killer Klown
136848 | Zot:5    | Noticed an ancient lich
136851 | Zot:5    | Killed an ancient lich
136974 | Zot:5    | Reached skill level 23 in Earth Magic
137029 | Zot:5    | Got the Orb of Zot
137133 | Zot:2    | Noticed Mobaer the pandemonium lord
137145 | Zot:2    | Killed Mobaer the pandemonium lord
137413 | D:13     | Noticed Qyshrosig the pandemonium lord
137641 | D:$      | Escaped with the Orb!

Vanquished Creatures
  A dread lich (Crypt:3)
  3 ancient liches
  3 orbs of fire
  Sojobo (Vaults:2)
  Bai Suzhen (Vaults:5)
  3 Killer Klowns (Zot:5)
  Saint Roka (Vaults:4)
  A curse toe (Zot:3)
  A caustic shrike (Depths:3)
  8 golden dragons
  Norris (Elf:2)
  3 bone dragons
  A profane servitor (Depths:4)
  The ghost of Ynkoon the Warrior, an adept NaAl of Vehumet (Vaults:3)
  4 electric golems
  5 liches
  Zenata (Crypt:3)
  15 tentacled monstrosities
  2 deep elf blademasters (Elf:3)
  Rupert (D:13)
  The ghost of olmar the Slayer, an adept GrFi of Gozag (Elf:3)
  15 Orb Guardians
  4 quicksilver dragons
  3 deep elf master archers (Elf:3)
  Asterion (Elf:2)
  5 death cobs
  2 ancient champions (Crypt:2)
  Frances (Spider:1)
  Polyphemus (Shoals:3)
  6 sphinxes
  3 krakens
  3 titans (Vaults:5)
  10 storm dragons
  Agnes (D:14)
  Donald (Spider:4)
  7 tengu reavers
  3 revenants
  Aizul (Spider:1)
  5 fire giants
  9 frost giants
  9 draconian monks
  11 shadow dragons
  8 protean progenitors
  8 draconian knights
  6 draconian shifters
  7 draconian scorchers
  A balrug (D:13)
  6 emperor scorpions
  13 vault wardens
  6 deep elf sorcerers
  2 deep elf elementalists (Elf:3)
  7 ghouls
  A juggernaut zombie (Crypt:3)
  15 ironbound preservers
  A cacodemon (Zot:2)
  6 ghost moths
  2 iron dragons
  3 curse skulls
  4 draconian annihilators
  9 draconian stormcallers
  2 broodmothers (Spider:1)
  4 orc warlords
  17 stone giants
  13 very ugly things
  3 formless jellyfish
  A juggernaut skeleton (Depths:1)
  2 quicksilver oozes (Zot:3)
  7 vampire knights
  10 black draconians
  4 ironbound thunderhulks
  7 green draconians
  6 deep elf demonologists
  8 white draconians
  6 deep elf death magi
  Azrael (D:12)
  12 red draconians
  Nessos (D:13)
  6 deep elf annihilators (Elf:3)
  14 purple draconians
  A minotaur (Gauntlet)
  10 dire elephants
  4 spark wasps
  12 yellow draconians
  11 war gargoyles
  9 ettins
  4 jiangshi
  3 merfolk javelineers
  5 crystal guardians
  5 merfolk impalers
  9 great orbs of eyes
  14 yaktaur captains
  8 deep elf high priests
  2 rakshasas (Depths:1)
  13 entropy weavers
  6 fire dragons
  30 vault guards
  A fenstrider witch zombie (Crypt:1)
  Fannar (D:10)
  4 radroaches
  3 jorogumos
  2 merfolk aquamancers (Shoals:2)
  A sphinx zombie (Depths:1)
  An ogre mage (D:15)
  2 peacekeepers
  7 boulder beetles
  8 hydras
  3 merfolk avatars
  2 alligator snapping turtles
  10 ice dragons
  2 spriggan air magi (Depths:1)
  A death knight (Crypt:1)
  A satyr (Shoals:3)
  11 two-headed ogres
  A catoblepas (Shoals:3)
  The ghost of Bediveer the Skirmisher, a journeyman DEHu of Okawaru (Lair:1)
  2 spriggan skeletons (Crypt:3)
  8 ironbound frosthearts
  19 centaur warriors
  9 orc high priests
  10 death yaks
  20 dancing weapons
  3 deep troll shamans
  4 tengu warriors
  4 thrashing horrors (Lair:5)
  9 demonic crawlers
  7 deep troll earth magi
  5 vampire magi
  2 spriggan berserkers
  6 hell knights (Crypt:3)
  2 sun demons (D:13)
  8 deep elf knights
  A titan zombie (Crypt:3)
  A titan skeleton (Crypt:3)
  Amaemon (D:11)
  10 skysharks
  8 pharaoh ants
  31 skeletal warriors
  A golden dragon zombie (Crypt:3)
  51 deep trolls
  A bunyip zombie (Crypt:3)
  4 iron trolls
  A shadow wraith (Vaults:5)
  A quicksilver dragon simulacrum (Zot:2)
  An anaconda zombie (Crypt:1)
  5 sea snakes (Shoals:4)
  A bog body (Crypt:2)
  8 arcanists
  A sun moth (Spider:3)
  2 flayed ghosts
  8 glowing orange brains
  23 lindwurms
  8 phantasmal warriors
  15 steelbarb worms
  6 orb spiders
  13 deep elf archers
  20 ironbound convokers
  A sphinx simulacrum (Depths:2)
  12 necromancers
  14 harpies
  23 deep elf zephyrmancers
  18 fauns
  30 deep elf pyromancers
  18 orc knights
  A shining eye (shapeshifter) (Depths:4)
  9 large abominations
  7 wolf spiders
  8 orc sorcerers
  2 shining eyes (Zot:5)
  3 cyclopes
  A fire giant skeleton (Depths:2)
  39 ugly things
  9 meliai
  27 moths of wrath
  18 manticores
  16 elephants
  16 vault sentinels
  11 merfolk sirens
  A dire elephant zombie (Crypt:3)
  A centaur zombie (Crypt:3)
  3 ice statues (IceCv)
  10 water nymphs
  2 eyes of devastation (shapeshifter)
  A stone giant skeleton (Depths:2)
  4 black mambas
  A guardian serpent (shapeshifter) (Vaults:5)
  A rust devil (Depths:1)
  8 cane toads
  2 smoke demons (Lair:5)
  Maggie (D:6)
  An orange demon (D:11)
  8 torpor snails
  4 kobold demonologists (D:10)
  A cane toad (shapeshifter) (Lair:5)
  2 dire elephant skeletons (Crypt:1)
  A gargoyle (D:11)
  4 unseen horrors
  An efreet (D:14)
  Jeremiah (D:9)
  A swamp worm zombie (Crypt:1)
  6 freezing wraiths
  3 rime drakes
  2 sea snake zombies (Crypt:1)
  9 komodo dragons
  A centaur skeleton (Crypt:3)
  30 yaktaurs
  8 trolls
  2 tengu conjurers
  A ghost moth simulacrum (Zot:2)
  A yellow draconian skeleton (Crypt:2)
  2 golden dragon simulacra
  7 wind drakes
  A black draconian skeleton (Crypt:1)
  4 polar bears
  34 merfolk
  A queen bee (D:14)
  2 glass eyes
  A hornet (shapeshifter) (Elf:3)
  An ettin zombie (Crypt:3)
  3 raiju
  2 hornets
  23 dream sheep
  A glass eye (shapeshifter) (Vaults:5)
  21 tarantellas
  21 blink frogs
  19 snapping turtles
  A spriggan zombie (Depths:1)
  18 jumping spiders
  2 snapping turtles (shapeshifter) (Vaults:5)
  A black mamba zombie (Crypt:1)
  14 culicivoras
  A meliai zombie (Crypt:1)
  Sigmund (D:2)
  30 slime creatures
  17 water elementals
  2 spriggans
  4 air elementals
  4 wyverns
  A spriggan (shapeshifter) (D:15)
  3 shadows
  A vampire (D:12)
  6 wraiths
  2 dire elephant simulacra (IceCv)
  A blink frog (shapeshifter) (Vaults:5)
  11 basilisks
  42 yaks
  46 redbacks
  4 steam dragons
  3 wargs
  4 vampire mosquitoes (D:11)
  6 fire elementals
  A black draconian simulacrum (Zot:2)
  A death yak simulacrum (IceCv)
  4 chaos spawn (Lair:5)
  A glowing shapeshifter zombie (Crypt:2)
  A two-headed ogre zombie (Crypt:2)
  3 acid dragons
  A naga skeleton (Crypt:3)
  3 hell hounds
  13 water moccasins
  A faun skeleton (Crypt:2)
  36 orc warriors
  3 sky beasts
  5 ice beasts
  24 laughing skulls
  3 black bears
  A manticore zombie (Crypt:1)
  13 ogres
  3 boggarts (D:14)
  14 small abominations
  17 wolves
  2 phantoms
  21 centaurs
  A vine stalker zombie (Crypt:2)
  A gnoll sergeant (D:6)
  13 bullfrogs
  2 kobold brigands
  5 necrophages
  2 earth elementals
  3 scorpions
  2 cane toad simulacra (IceCv)
  A water moccasin zombie (Crypt:1)
  16 wights
  14 killer bees
  A howler monkey (D:5)
  An electric eel (Lair:3)
  A bombardier beetle (D:5)
  A lava snake (Vaults:2)
  5 hounds
  6 jellies
  23 orc priests
  A gnoll bouda (D:8)
  Jessica (D:2)
  A human zombie (Crypt:2)
  3 iguanas
  Terence (D:2)
  29 orc wizards
  Natasha (thrice) (D:2)
  A polar bear simulacrum (IceCv)
  3 wolf simulacra (IceCv)
  6 gnolls
  11 adders
  3 shadow imps
  15 white imps
  2 ufetubi (D:5)
  An iguana zombie (Crypt:2)
  An adder skeleton (Crypt:1)
  5 dart slugs
  3 ribbon worms
  75 orcs
  9 endoplasms
  A giant cockroach (D:2)
  4 goblins
  5 hobgoblins
  20 kobolds
  5 quokkas
  6 ball pythons
  A ball python skeleton (Crypt:1)
  5 bats
  2 frilled lizards
  A hobgoblin skeleton (Crypt:2)
  A quokka zombie (Crypt:2)
  7 rats
  An aspiring flesh (Zot:5)
  2 tentacles (Shoals:4)
2213 creatures vanquished.

Vanquished Creatures (collateral kills)
  A dread lich (Zot:5)
  An orb of fire (Zot:1)
  Josephina (Zot:2)
  A caustic shrike (Depths:3)
  A golden dragon (Zot:1)
  A pandemonium lord (Zot:2)
  A tentacled monstrosity (Zot:3)
  9 Orb Guardians (Zot:5)
  A quicksilver dragon (Zot:2)
  A sphinx (Depths:2)
  A death cob (Zot:5)
  A tengu reaver (Depths:3)
  4 storm dragons
  A frost giant (Depths:2)
  A draconian knight (Zot:1)
  A draconian shifter (Zot:3)
  A deep elf sorcerer (Zot:3)
  A juggernaut zombie (Depths:2)
  2 draconian annihilators (Zot:2)
  A spriggan defender (Depths:2)
  3 green draconians
  3 purple draconians
  3 white draconians
  7 yellow draconians
  A black draconian (Zot:1)
  3 red draconians
  A spark wasp (Depths:2)
  2 ettins
  A jiangshi (Depths:2)
  An ice dragon (Depths:3)
  A jorogumo (Zot:4)
  A spriggan air mage (Depths:3)
  A tengu warrior (Depths:3)
  2 deep troll shamans (Depths:3)
  A spriggan berserker (Depths:2)
  3 iron trolls
  A deep troll (Depths:2)
  A moth of wrath (Zot:3)
  A spriggan (Depths:2)
  A glowing shapeshifter zombie (Depths:2)
  A hell hound (Zot:5)
  3 boulders
74 creatures vanquished.

Vanquished Creatures (others)
  A faun (Shoals:3)
  3 boulders
  24 tentacles
28 creatures vanquished.

Grand Total: 2315 creatures vanquished

Table legend: (Time is in decaauts)
 A = Elapsed time spent in this place.
 B = Non-inter-level travel time spent in this place.
 C = Inter-level travel time spent in this place.
 D = Time resting spent in this place.
 E = Time spent auto-exploring this place.
 F = Levels seen in this place.
 G = Mean time per level.
                   A        B        C        D        E       F      G
               +--------+--------+--------+--------+--------+-----+--------+
         Total | 138332 | 130263 |   8069 |  47742 |  62665 |  56 | 2470.2 |
       Dungeon |  27156 |  24119 |   3037 |   5446 |  15354 |  15 | 1810.4 |
        Temple |     18 |      9 |      9 |      0 |      0 |   1 |   18.0 |
          Lair |  14844 |  14135 |    709 |   5385 |   6637 |   5 | 2968.8 |
        Shoals |  12399 |  11653 |    746 |   4943 |   4735 |   4 | 3099.8 |
   Spider Nest |   9087 |   8832 |    255 |   3726 |   3692 |   4 | 2271.8 |
  Orcish Mines |   4775 |   4317 |    458 |   1598 |   2053 |   2 | 2387.5 |
   Elven Halls |   8033 |   7859 |    174 |   2521 |   4354 |   3 | 2677.7 |
        Vaults |  20888 |  19971 |    917 |   7808 |   9035 |   5 | 4177.6 |
         Crypt |   8977 |   8848 |    129 |   2906 |   4682 |   3 | 2992.3 |
        Depths |  11548 |  10508 |   1040 |   2657 |   6396 |   4 | 2887.0 |
           Zot |  18749 |  18158 |    591 |   9852 |   5339 |   5 | 3749.8 |
        Bazaar |     82 |     82 |      0 |      0 |     53 |   1 |   82.0 |
         Trove |     46 |     46 |      0 |      0 |     17 |   1 |   46.0 |
      Ice Cave |    817 |    817 |      0 |    608 |     19 |   1 |  817.0 |
        Wizlab |     14 |     14 |      0 |      0 |      0 |   1 |   14.0 |
      Gauntlet |    889 |    889 |      0 |    290 |    296 |   1 |  889.0 |
               +--------+--------+--------+--------+--------+-----+--------+

Top non-repeatable levels by time:
   Zot:3: 8516 daAuts
  Lair:5: 5232 daAuts
Vaults:3: 5050 daAuts
Vaults:2: 4346 daAuts
Vaults:5: 4217 daAuts
   Zot:1: 4044 daAuts
Vaults:1: 4035 daAuts
   Orc:2: 3887 daAuts
    D:14: 3831 daAuts
Shoals:4: 3789 daAuts
Shoals:2: 3673 daAuts
   Elf:3: 3458 daAuts
 Crypt:2: 3249 daAuts
Vaults:4: 3239 daAuts
Depths:1: 3133 daAuts

Table legend:
 A = Non-vault XP
 B = Vault XP
 C = Vault XP percentage of total XP
 D = Non-vault monster count
 E = Vault monster count
 F = Vault count percentage of total count
                 A         B        C        D         E       F
            +---------+---------+-------+---------+---------+-------
      Total |  831619 |  551044 |  39.9 |    1494 |     776 |  34.2
            +---------+---------+-------+---------+---------+-------
        D:1 |      23 |       0 |   0.0 |      14 |       0 |   0.0
        D:2 |     135 |     343 |  71.8 |      21 |       7 |  25.0
        D:3 |      94 |       0 |   0.0 |      21 |       0 |   0.0
        D:4 |     392 |       0 |   0.0 |      12 |       0 |   0.0
        D:5 |     930 |    1397 |  60.0 |      17 |      17 |  50.0
        D:6 |    1249 |     847 |  40.4 |      17 |       5 |  22.7
        D:7 |    1275 |       0 |   0.0 |      18 |       0 |   0.0
        D:8 |    1794 |       0 |   0.0 |      28 |       0 |   0.0
        D:9 |    2242 |     633 |  22.0 |       8 |       3 |  27.3
       D:10 |    5341 |    1606 |  23.1 |      38 |       5 |  11.6
       D:11 |    5145 |    1330 |  20.5 |      31 |       3 |   8.8
       D:12 |    3294 |    1730 |  34.4 |       7 |       5 |  41.7
       D:13 |    7344 |    2849 |  28.0 |      20 |      14 |  41.2
       D:14 |   12386 |   11223 |  47.5 |      30 |      24 |  44.4
       D:15 |   12695 |    4389 |  25.7 |      23 |      15 |  39.5
     Lair:1 |    4263 |    1930 |  31.2 |      20 |       6 |  23.1
     Lair:2 |    6258 |    1591 |  20.3 |      23 |       4 |  14.8
     Lair:3 |    8024 |    3755 |  31.9 |      32 |      11 |  25.6
     Lair:4 |   12343 |       0 |   0.0 |      32 |       0 |   0.0
     Lair:5 |   10061 |   16806 |  62.6 |      29 |      49 |  62.8
   Shoals:1 |   10890 |       0 |   0.0 |      25 |       0 |   0.0
   Shoals:2 |   20198 |       0 |   0.0 |      37 |       0 |   0.0
   Shoals:3 |   20589 |    4008 |  16.3 |      46 |       4 |   8.0
   Shoals:4 |   13084 |   21543 |  62.2 |      30 |      48 |  61.5
   Spider:1 |   18684 |    2897 |  13.4 |      54 |       2 |   3.6
   Spider:2 |   17248 |     277 |   1.6 |      36 |       1 |   2.7
   Spider:3 |   17326 |       0 |   0.0 |      38 |       0 |   0.0
   Spider:4 |   11363 |   19927 |  63.7 |      24 |      26 |  52.0
      Orc:1 |    3309 |       0 |   0.0 |      17 |       0 |   0.0
      Orc:2 |    2017 |   11120 |  84.6 |      23 |      74 |  76.3
      Elf:1 |   26515 |    3813 |  12.6 |      43 |       6 |  12.2
      Elf:2 |    9986 |    9108 |  47.7 |      17 |       9 |  34.6
      Elf:3 |   22584 |   35146 |  60.9 |      40 |      30 |  42.9
   Vaults:1 |   32249 |   10403 |  24.4 |      46 |      13 |  22.0
   Vaults:2 |   35299 |   12527 |  26.2 |      52 |      15 |  22.4
   Vaults:3 |   29897 |   33378 |  52.8 |      47 |      45 |  48.9
   Vaults:4 |   32844 |   14111 |  30.1 |      47 |      20 |  29.9
   Vaults:5 |   12318 |   96398 |  88.7 |      21 |      85 |  80.2
    Crypt:1 |   26578 |       0 |   0.0 |      44 |       0 |   0.0
    Crypt:2 |   11821 |   14915 |  55.8 |      21 |      21 |  50.0
    Crypt:3 |       0 |   53578 | 100.0 |       0 |      80 | 100.0
   Depths:1 |   42580 |    1544 |   3.5 |      53 |       2 |   3.6
   Depths:2 |   32048 |    1168 |   3.5 |      39 |       1 |   2.5
   Depths:3 |   28986 |   12168 |  29.6 |      30 |       8 |  21.1
   Depths:4 |   18939 |   22072 |  53.8 |      21 |      28 |  57.1
      Zot:1 |   57003 |       0 |   0.0 |      46 |       0 |   0.0
      Zot:2 |   40620 |    4813 |  10.6 |      35 |       5 |  12.5
      Zot:3 |   75316 |   27899 |  27.0 |      62 |      26 |  29.5
      Zot:4 |   51010 |    7348 |  12.6 |      44 |       6 |  12.0
      Zot:5 |   15030 |   75212 |  83.3 |      15 |      33 |  68.8
      IceCv |       0 |    3076 | 100.0 |       0 |      14 | 100.0
   Gauntlet |       0 |    2166 | 100.0 |       0 |       6 | 100.0
            +---------+---------+-------+---------+---------+-------
